 BcadrenCrawl: Boulder Brew version 0.04.2-19-ga012a504bd (webtiles) character file.

Game seed: 2093577598692530541, levelgen mode: deterministic

1246 st0uf the Grappler (level 8, -1/61 HPs) Cyan Draconian Transmuter. Began on May 23, 2021. Slain by a guardian mummy ... wielding a +0 dire flail (27 damage) ... on level 3 of the Dungeon. The game lasted 00:11:35 (2839 turns).

st0uf the Grappler (Cyan Draconian Transmuter)      Turns: 2839, Time: 00:11:36

Health: -1/61      AC: 11    Str: 12 (15) XL:     8 ^: 1018
Magic:  12/12      EV: 18    Int: 14      God:
Gold:   236        SH:  0    Dex: 11      Spells: 12/13 levels left

rFire    . . .     Vision   .     - Unarmed
rCold    . . .     Gourm    .     - Unarmed
rNeg     . . .     Faith    .   (armour unavailable)
rPois    +         Spirit   .   p - +2 hat
rElec    .         Reflect  .   t - +1 cloak
rCorr    .         Harm     .   (no gloves)
MR       .....                  (no boots)
Stlth    ++........             (no amulet)
HPRegen  0.30/turn              c - ring of poison resistance
MPRegen  0.22/turn              h - ring of evasion

@: no status effects
A: no body armour, unfitting armour, cold-blooded, translocations enhancer 1,
rCloud, rAir, AC +7
a: Breathe Blast of Wind


You were on level 3 of the Dungeon.
You were not hungry.

You visited 1 branch of the dungeon, and saw 3 of its levels.

You collected 236 gold pieces.

Inventory:

Armour
 p - a +2 hat (worn)
 t - a +1 cloak (worn)
Jewellery
 a - an uncursed ring of ice
 c - a ring of poison resistance (left hand)
 d - an uncursed ring of fire
 f - a cursed ring of fire {(Curse: Int-5)}
 h - a ring of evasion (right hand)
 l - an uncursed ring of ice
 n - an uncursed ring of magical power
 r - an uncursed ring of protection from magic
Scrolls
 e - a scroll of acquirement
 i - a scroll of summoning
 m - a scroll of fear
 q - 2 scrolls of teleportation
 s - a scroll of bless item
 u - a scroll of amnesia
Potions
 g - a potion of haste
 j - 2 potions of heal wounds
 k - a potion of ambrosia
 o - a potion of brilliance
Comestibles
 b - 7 rations


   Skills:
 + Level 2.2 Fighting
 + Level 3.2 Dodging
 + Level 1.2 Stealth
 + Level 8.5 Unarmed Combat
 + Level 3.1 Spellcasting
 + Level 1.7 Transmutations


You had 12 spell levels left.
You knew the following spells:

 Your Spells              Type           Power        Failure   Level  Hunger
a - Beastly Appendage     Tmut           7 (50)       11%         1    #......

Your spell library contained the following spells:

 Spells                   Type           Power        Failure   Level  Hunger
 Sticks to Snakes         Tmut           7 (100)      16%         2    ##.....
 Scorpion Form            Tmut/Pois      4 (200)      41%         3    ###....
 Snakes to Sticks         Hex/Tmut       4 (100)      41%         3    ###....
 Ice Form                 Ice/Tmut       4 (100)      82%         4    #####..
 Blade Hands              Tmut           7 (200)      96%         5    ######.


Dungeon Overview and Level Annotations

Branches:
Dungeon (3/8)

Altars:
Fedhas Madash

Shops:
D:3 *


Innate Abilities, Weirdness & Mutations

You cannot fit into any form of body armour.
Your empereal azure scales are resilient. (AC +7)
You can breathe strong gales of wind.
You are cold-blooded and may be slowed by cold attacks.
You are in touch with the powers of translocation.
Your empereal azure scales grant you immunity to the effects of clouds and air. (rCloud, rAir)


Message History

You punch the mummy (7)!
You destroy the mummy!
The bullfrog skeleton closely misses you (0).
You hit the bullfrog skeleton (2). You hit the bullfrog skeleton (6).
You tail-slap the bullfrog skeleton (1).
The bullfrog skeleton is almost destroyed. (2/29) HP You hit the bullfrog skeleton (6).
You destroy the bullfrog skeleton!
A guardian mummy comes into view.
You see here a mummy corpse.
You see here 4 gold pieces.
You now have 236 gold pieces (gained 4).
You start waiting.
The mummy is too close now for your liking.
You punch the guardian mummy (14)! You hit the guardian mummy (1).
The guardian mummy is moderately damaged. (30/45) HP You hit the guardian mummy (3).
You punch the guardian mummy (10)!
The guardian mummy is severely damaged. (17/45) HP The guardian mummy hits you with a +0 dire flail (27)!!
You die...

#.M.# #.8.# #######
#...# ##.....# #...#
#.####.# ##...## #.#
#.# #..8..# #.####.#
#..M.#.# #.#.##.###
###M#########..#......
#.M@...)....###.....
#####.######.#.#.###
#.# ##.##.... #.#
####..## #.# ##..# #.#
#######...## ..#
#..........# ###
#.#####.#.## #.# ##..#


You could see a guardian mummy and a mummy.

Vanquished Creatures
  Eustachio (D:3)
  A guardian mummy (D:3)
  A crocodile (D:2)
  4 big kobolds (D:2)
  5 jellies (D:2)
  3 mummies (D:3)
  3 giant cockroaches
  3 bullfrog skeletons (D:3)
  An adder (D:3)
  5 gnolls
  10 sewer rats
  7 cinder newts
  4 worms
  A giant cockroach zombie (D:3)
  A hound zombie (D:3)
  5 oozes
  A howler monkey skeleton (D:3)
  2 dart slugs (D:1)
  4 leopard geckos
  4 adder skeletons
  An adder zombie (D:3)
  4 goblins (D:1)
  4 hobgoblins (D:1)
  5 ball pythons
  7 bats
  A jackal zombie (D:3)
  22 kobolds
  A leopard gecko zombie (D:3)
  A quokka skeleton (D:3)
  8 rats (D:1)
  2 withered plants (D:2)
122 creatures vanquished.

Vanquished Creatures (others)
  2 slimeheads (D:2)
  123 withered plants (D:2)
125 creatures vanquished.

Grand Total: 247 creatures vanquished

Notes
Turn   | Place    | Note
-------+----------+-------------------------------------------
     0 | D:1      | st0uf the Immature Draconian Transmuter began the quest for
                  | the Orb.
     0 | D:1      | Reached XP level 1. HP: 16/16 MP: 4/4
    48 | D:1      | Reached skill level 3 in Unarmed Combat
    55 | D:1      | Reached XP level 2. HP: 16/23 MP: 3/5
   347 | D:1      | Reached XP level 3. HP: 27/28 MP: 7/7
   513 | D:1      | Reached skill level 4 in Unarmed Combat
   516 | D:1      | Reached XP level 4. HP: 29/35 MP: 8/8
   781 | D:2      | Reached XP level 5. HP: 40/40 MP: 9/9
   789 | D:2      | Identified a scroll of acquirement
   803 | D:2      | Reached skill level 5 in Unarmed Combat
   992 | D:2      | Reached XP level 6. HP: 48/48 MP: 10/10
  1243 | D:2      | Reached skill level 6 in Unarmed Combat
  1416 | D:2      | Your scales start taking on an empereal azure colour.
  1416 | D:2      | Reached XP level 7. HP: 47/53 MP: 11/11
  1416 | D:2      | Gained mutation: Your empereal azure scales grant you
                  | immunity to the effects of clouds and air. (rCloud, rAir)
                  | [Cyan Draconian growth]
  1416 | D:2      | Gained mutation: You are in touch with the powers of
                  | translocation. [Cyan Draconian growth]
  1617 | D:2      | Reached skill level 7 in Unarmed Combat
  2255 | D:3      | Reached skill level 1 in Stealth
  2307 | D:3      | Found a blossoming altar of Fedhas.
  2545 | D:3      | Noticed Eustachio
  2567 | D:3      | Killed Eustachio
  2637 | D:3      | Found Saxokh's General Store.
  2662 | D:3      | Reached skill level 8 in Unarmed Combat
  2662 | D:3      | Reached XP level 8. HP: 56/61 MP: 12/12
  2839 | D:3      | Slain by a guardian mummy

Levels and vault maps discovered:
D:1:      dpeg_arrival_ternary, layout_loops_cross, first_ration,
          kennysheep_generic_room_14, lightli_sewer_entry_pipes
D:2:      layout_sewer, chequers_garden
D:3:      ossuary_tomb_3, layout_loops_ring, kennysheep_mini, serial_shops,
          shop, uniq_eustachio, uniq_edmund

Skill      XL: |  1  2  3  4  5  6  7 |
---------------+----------------------+-----
Unarmed Combat | 3 4 5 6 8 |  8.5
Spellcasting   | 3 |  3.1
Dodging        | 2 3 |  3.2
Stealth        | 1 |  1.2
Fighting       | 2 |  2.2
Transmutations | |  1.7

Action                   |  1- 3 |  4- 6 |  7- 9 || total
-------------------------+-------+-------+-------++-------
Melee: Unarmed           |   117 |   178 |   207 ||   502
       Tailslap          |     6 |    11 |    10 ||    27
 Cast: Beastly Appendage |     3 |       |       ||     3
 Abil: Breathe Blast of  |       |       |     1 ||     1
 Stab: Sleeping          |     1 |       |       ||     1
  Eat: Chunk             |       |     2 |     2 ||     4
       Ration            |       |       |     1 ||     1
Armor: Skin              |     9 |     9 |    12 ||    30
Dodge: Dodged            |    38 |    36 |    60 ||   134
